 Dungeon Crawl Stone Soup version 0.28.0-53-g5a82cb258f (webtiles) character file.

Game seed: 14884050476090762032

2 cbfl8 the Caller (level 1, 0/13 HPs)
             Began as a Merfolk Summoner on July 27, 2022.
             Slain by a jackal (2 damage)
             ... on level 1 of the Dungeon.
             The game lasted 00:02:00 (409 turns).

cbfl8 the Caller (Merfolk Summoner)                  Turns: 409, Time: 00:02:01

Health: 0/13       AC:  8    Str:  8    XL:     1   Next: 40%
Magic:  3/3        EV:  3    Int: 14    God:
Gold:   11         SH:  0    Dex: 14    Spells: 3/4 levels left

rFire   . . .      SeeInvis .   (no weapon)
rCold   . . .      Faith    .   (no shield)
rNeg    . . .      Spirit   .   b - +0 chain mail
rPois   .          Reflect  .   (no helmet)
rElec   .          Harm     .   (no cloak)
rCorr   .          Rampage  .   (no gloves)
Will    .....                   (no boots)
Stlth   ..........              (no amulet)
HPRegen 0.04/turn               (no ring)
MPRegen 0.08/turn               (no ring)

@: no status effects
A: (nimble swimmer 2), mertail
a: no special abilities


You were on level 1 of the Dungeon.
You visited 1 branch of the dungeon, and saw 1 of its levels.

You collected 11 gold pieces.

Inventory:

Armour
 a - a +0 robe
 b - a +0 chain mail (worn)


   Skills:
 + Level 2.9 Dodging
 + Level 2.1 Stealth
 + Level 2.0 Spellcasting
 + Level 4.0 Summonings


You had 3 spell levels left.
You knew the following spells:

 Your Spells              Type           Power      Damage    Failure   Level
a - Summon Small Mammal   Summ           48%        N/A       100%        1

Your spell library contained the following spells:

 Spells                   Type           Power      Damage    Failure   Level
 Call Imp                 Summ           12%        N/A       100%        2
 Corpse Rot               Necr/Air       2%         N/A       100%        2
 Call Canine Familiar     Summ           12%        N/A       100%        3
 Summon Guardian Golem    Hex/Summ       7%         N/A       100%        3
 Dispel Undead            Necr           1%         3d6       100%        4
 Summon Lightning Spire   Summ/Air       7%         N/A       100%        4
 Death Channel            Necr           0%         N/A       100%        6


Dungeon Overview and Level Annotations

Branches:
Dungeon (1/15)

Altars:


Innate Abilities, Weirdness & Mutations

((You are very nimble when in or above water. (Stealth+, EV+, Speed+++)))
Your lower body shifts to a powerful aquatic tail in water.


Message History

The jackal bites you but does no damage.
You miss the jackal.
The jackal is lightly wounded.
The jackal bites you but does no damage.
The jackal barely misses you.
You miss the jackal.
The jackal is lightly wounded.
The jackal bites you.
You hit the jackal but do no damage. You punch the jackal, but do no damage.
The jackal is lightly wounded.
The jackal bites you but does no damage.
You closely miss the jackal.
The jackal is lightly wounded.
The jackal bites you. x2
You barely miss the jackal.
The jackal bites you but does no damage.
The jackal bites you but does no damage.
The jackal barely misses you.
The jackal bites you but does no damage.
The jackal bites you but does no damage.
Your magical contamination has completely faded away.
The jackal bites you.
The jackal bites you but does no damage.
The jackal bites you.
A rat comes into view.
Found a scroll labelled BAQISH IVEAFIU.
The jackal barely misses you.
The ball python bites you but does no damage.
The ball python grabs you. The ball python constricts you.
The jackal bites you but does no damage.
You escape the ball python's grasp.
The jackal bites you.
* * * LOW HITPOINT WARNING * * *
The ball python bites you but does no damage.
The ball python grabs you. The ball python constricts you.
You escape the ball python's grasp.
The jackal bites you but does no damage.
Found 18 arrows.
The jackal bites you but does no damage.
The jackal bites you but does no damage. x2
The jackal bites you.
You die...

#### #..( #. ##..# #.#
... ... ####.####.#
#.##..@......#
#.....hh..####
###....S..# #...S.####
#.##...J## .....##.#####
.....?.r...J#####
.#######.##.....#########
#.................#


You could see an endoplasm, 2 jackals, 2 ball pythons and a rat.

Vanquished Creatures
  An endoplasm (D:1)
  A quokka (D:1)
2 creatures vanquished.

Notes
Turn   | Place    | Note
-------+----------+-------------------------------------------
     0 | D:1      | cbfl8 the Merfolk Summoner began the quest for the Orb.
     0 | D:1      | Reached XP level 1. HP: 13/13 MP: 3/3
   409 | D:1      | Slain by a jackal

Illustrated notes

Levels and vault maps discovered:
D:1:      giann_wishing_wells, layout_rooms,
          shapermc_ecumenical_altar_totnotflames, serial_bayou_pond_e

Action                   || total
-------------------------++-------
Melee: Unarmed           ||    15
       Punch             ||     1
 Cast: Summon Small Mamm ||     2
 Stab: Distracted        ||     1
Armor: Chain mail        ||    35
Dodge: Dodged            ||     5
